 Dungeon Crawl Stone Soup version 0.26.0-10-g1f06aea511 (webtiles) character file.

Game seed: 13737177277777188958

2664 inmateoo the Digger (level 9, -4/62 HPs)
             Began as a Ghoul Earth Elementalist on Feb 6, 2021.
             Was a Follower of Vehumet.
             Killed from afar by an efreet (12 damage)
             ... with a fireball
             ... on level 9 of the Dungeon.
             The game lasted 00:11:38 (9975 turns).

inmateoo the Digger (Ghoul Earth Elementalist)      Turns: 9975, Time: 00:11:38

Health: -4/62      AC:  5    Str: 12    XL:     9   Next: 63%
Magic:  10/15      EV: 28    Int: 13    God:    Vehumet [*.....]
Gold:   562        SH:  0    Dex:  9    Spells: 3/18 levels left

rFire    + + .     SeeInvis .   o - +2 whip (elec)
rCold    + . .     Faith    .   (no shield)
rNeg     + + +     Spirit   .   c - +0 robe
rPois    ∞         Reflect  .   (no helmet)
rElec    .         Harm     .   u - +1 cloak
rCorr    .         Rampage  .   (no gloves)
Will     .....                  a - +0 pair of boots
Stlth    ++........             x - amulet of the acrobat
HPRegen  0.00/turn              p - ring of protection from fire
MPRegen  0.14/turn              t - ring of protection from fire

@: acrobat
A: claws 1, cold resistance 1, negative energy resistance 3, inhibited
regeneration, torment resistance, unbreathing
a: Renounce Religion


You were on level 9 of the Dungeon.
You worshipped Vehumet.
Vehumet was aware of your devotion.
You visited 2 branches of the dungeon, and saw 10 of its levels.

You collected 562 gold pieces.

Inventory:

Hand Weapons
 f - the +10 dark maul {vorpal}
   (You found it on level 6 of the Dungeon)

   It inflicts extra damage upon your enemies.
 o - a +2 whip of electrocution (weapon)
Missiles
 b - 117 stones
 e - 6 javelins
Armour
 a - a +0 pair of boots (worn)
 c - a +0 robe (worn)
 u - a +1 cloak (worn)
Jewellery
 p - a ring of protection from fire (left claw)
 t - a ring of protection from fire (right claw)
 v - an uncursed ring of fire
 x - an amulet of the acrobat (around neck)
Wands
 n - a wand of digging (4)
 A - a wand of paralysis (2)
 E - a wand of flame (9)
Scrolls
 d - 2 scrolls of enchant armour
 h - 2 scrolls of teleportation
 m - a scroll of fear
 w - 2 scrolls of enchant weapon
 y - 3 scrolls of remove curse
 z - 3 scrolls of blinking
Potions
 i - 4 potions of curing
 j - a potion of mutation
 k - a potion of invisibility {unknown}
 l - 4 potions of flight {unknown}
 q - 4 potions of haste
 r - 4 potions of heal wounds
 s - 2 potions of brilliance
 B - a potion of attraction
 C - 2 potions of magic
Miscellaneous
 g - a phantom mirror


   Skills:
 * Level 6.2 Maces & Flails
 - Level 4.0 Dodging
 - Level 3.0 Stealth
 - Level 3.6 Unarmed Combat
 + Level 5.1 Spellcasting
 - Level 3.0 Conjurations
 - Level 2.0 Transmutations
 - Level 7.0 Earth Magic


You had 3 spell levels left.
You knew the following spells:

 Your Spells              Type           Power        Failure   Level
a - Sandblast             Erth           42%          1%          1
b - Passwall              Tmut/Erth      12%          4%          2
c - Stone Arrow           Conj/Erth      32%          7%          3
d - Petrify               Tmut/Erth      15%          28%         4
e - Lee's Rapid Deconstr  Erth           10%          28%         5

Your spell library contained the following spells:

 Spells                   Type           Power        Failure   Level
 Shock                    Conj/Air       28%          10%         1
 Foxfire                  Conj/Fire      28%          10%         1
 Animate Skeleton         Necr           6%           19%         1
 Pain                     Necr           12%          19%         1
 Vampiric Draining        Necr           1%           50%         3
 Animate Dead             Necr           1%           88%         4
 Agony                    Necr           3%           99%         5


Dungeon Overview and Level Annotations

Branches:
Dungeon (9/15)             Temple (1/1) D:5
   Lair: D:8-11         Orc: D:9-12

Altars:
Ashenzari
Cheibriados
Dithmenos
Elyvilon
Fedhas
Gozag
Hepliaklqana
Kikubaaqudgha
Makhleb
Nemelex Xobeh
Okawaru
Qazlal
Ru
Sif Muna
Trog
Uskayaw
Vehumet
Wu Jian
Xom
Yredelemnul
Zin
The Shining One


Innate Abilities, Weirdness & Mutations

You thrive by killing the living.
You are immune to poison.
You have sharp fingernails.
Your flesh is cold resistant. (rC+)
You are immune to negative energy. (rN+++)
You do not regenerate when monsters are visible.
You are immune to unholy pain and torment.
You can survive without breathing.


Message History

Press: ? - help, Shift-Dir - straight line, f/p - efreet
Aim: an efreet, wielding a +2 scimitar of flaming (7% to evade)
The blast of sand hits the efreet!
The efreet is lightly wounded.
The efreet gestures at you. The bolt of fire hits you! You resist.
Casting: Sandblast (safe; 1% risk of failure)
Confirm with . or Enter, or press ? or * to list all spells.
Aiming: Sandblast (safe; 1% risk of failure)
Press: ? - help, Shift-Dir - straight line, f/p - efreet
Aim: an efreet, wielding a +2 scimitar of flaming (lightly wounded, 7% to evade)
The blast of sand hits the efreet!
The efreet is moderately wounded.
The efreet hits you with a +2 scimitar of flaming!
* * * LOW HITPOINT WARNING * * *
The efreet burns you.
* * * LOW HITPOINT WARNING * * *
The efreet gestures at you.
The fireball explodes!
The fireball engulfs you! You resist.
You die...

### #<# #.# ###### .
#.# ...... .. #.#
.#.#.. ... #.# ?#...
..○☼ #@# ##
.#..........☼###.#
gg
...............R.#.#
.##......######....#
.........# #.####
.........# #.#
.........# #.#
.........# #.#
......##.# #.#


You could see an efreet.

Vanquished Creatures
  A wyvern (D:8)
  2 humans (D:9)
  A sky beast (D:8)
  A phantom (D:6)
  An orc warrior (D:7)
  4 black bears
  A wolf (D:9)
  4 ogres
  A necrophage (D:9)
  2 centaurs (D:7)
  A lemure (D:9)
  A big kobold (D:8)
  2 bullfrogs
  A centaur skeleton (D:7)
  2 hounds
  A jelly (D:8)
  Crazy Yiuf (D:2)
  2 bullfrog zombies
  A gnoll shaman (D:5)
  A bullfrog skeleton (D:9)
  An orc wizard (D:5)
  4 worker ants
  A hound skeleton (D:7)
  3 worker ant zombies
  9 gnolls
  5 adders
  3 white imps
  2 ufetubi (D:7)
  3 oozes
  A worm (D:2)
  2 dart slugs
  7 leopard geckos
  19 orcs
  4 giant cockroaches
  5 goblins
  12 hobgoblins
  7 jackals
  17 kobolds
  4 quokkas
  2 ball pythons
  2 ball python skeletons
  10 bats
  6 frilled lizards
  A quokka zombie (D:8)
  4 rats
165 creatures vanquished.

Vanquished Creatures (others)
  A giant cockroach (D:2)
  A hobgoblin (D:2)
  3 plants (D:3)
  A withered plant (D:3)
6 creatures vanquished.

Grand Total: 171 creatures vanquished

Notes
Turn   | Place    | Note
-------+----------+-------------------------------------------
     0 | D:1      | inmateoo the Ghoul Earth Elementalist began the quest for
                  | the Orb.
     0 | D:1      | Reached XP level 1. HP: 14/14 MP: 2/2
   141 | D:1      | Reached XP level 2. HP: 18/20 MP: 0/4
   270 | D:1      | Reached skill level 1 in Transmutations
   832 | D:2      | Reached XP level 3. HP: 23/26 MP: 2/5
  1109 | D:2      | Found a shimmering blue altar of Sif Muna.
  1114 | D:2      | Reached skill level 1 in Unarmed Combat
  1153 | D:2      | Identified Sif Muna's Reference Book on the Volcanoes
  1159 | D:2      | Found a bloodstained altar of Trog.
  1163 | D:2      | Reached XP level 4. HP: 24/33 MP: 2/6
  1338 | D:2      | Learned a level 2 spell: Passwall
  1342 | D:2      | Learned a level 3 spell: Stone Arrow
  1685 | D:2      | Found a stormy altar of Qazlal.
  1939 | D:2      | Found a runed translucent door.
  1940 | D:2      | Noticed Crazy Yiuf
  1970 | D:2      | Found a glowing golden altar of the Shining One.
  2036 | D:2      | Killed Crazy Yiuf
  2037 | D:2      | Reached XP level 5. HP: 12/38 MP: 0/7
  2626 | D:3      | Found a burning altar of Makhleb.
  2809 | D:3      | Reached skill level 4 in Earth Magic
  2833 | D:3      | HP: 1/38 [gnoll/+0 halberd (13)]
  2919 | D:3      | Found a blossoming altar of Fedhas.
  2919 | D:3      | Found an ancient bone altar of Kikubaaqudgha.
  3392 | D:4      | Noticed a phantom
  3920 | D:4      | Noticed an ogre
  3928 | D:4      | Killed an ogre
  3929 | D:4      | Reached skill level 1 in Conjurations
  3929 | D:4      | Reached XP level 6. HP: 10/45 MP: 2/9
  4161 | D:4      | Found a sacrificial altar of Ru.
  4537 | D:4      | Noticed a black bear
  4547 | D:4      | Killed a black bear
  4905 | D:4      | Reached XP level 7. HP: 46/50 MP: 5/10
  5066 | D:4      | Found a broken altar of Ashenzari.
  5067 | D:4      | Found a white marble altar of Elyvilon.
  5068 | D:4      | Found a snail-covered altar of Cheibriados.
  5371 | D:5      | Entered Level 5 of the Dungeon
  5569 | D:5      | Found a staircase to the Ecumenical Temple.
  5624 | Temple   | Entered the Ecumenical Temple
  5639 | Temple   | Became a worshipper of Vehumet
  5706 | D:5      | Found a sacrificial altar of Ru.
  6039 | D:5      | HP: 2/50 [gnoll/+0 spear (4)]
  6507 | D:6      | Learned a level 4 spell: Petrify
  6653 | D:6      | Reached skill level 5 in Earth Magic
  6787 | D:6      | Found the +10 dark maul {vorpal}
  7286 | D:7      | Reached skill level 1 in Maces & Flails
  7293 | D:7      | Reached XP level 8. HP: 23/57 MP: 7/12
  7752 | D:7      | Reached * piety under Vehumet
  7752 | D:7      | Offered knowledge of Freeze by Vehumet.
  8153 | D:7      | Reached skill level 6 in Earth Magic
  8444 | D:8      | Noticed a wyvern
  8451 | D:8      | Killed a wyvern
  8452 | D:8      | Reached XP level 9. HP: 60/62 MP: 14/14
  9116 | D:8      | Reached skill level 5 in Maces & Flails
  9820 | D:9      | Learned a level 5 spell: Lee's Rapid Deconstruction
  9834 | D:9      | Reached skill level 7 in Earth Magic
  9900 | D:9      | Found an iron altar of Okawaru.
  9925 | D:9      | Reached skill level 5 in Spellcasting
  9930 | D:9      | Offered knowledge of Shock by Vehumet.
  9967 | D:9      | Noticed an efreet
  9975 | D:9      | Killed from afar by an efreet

Illustrated notes

Levels and vault maps discovered:
D:1:      dpeg_arrival_simpleton_b, layout_loops_ring
D:2:      layout_rooms, nzn_overflow_gifts_of_might_and_magic, tso_metal_star,
          lemuel_round_altar, st_stairs_10, lemuel_old_faithful,
          uniq_crazy_yiuf_cottage
D:3:      layout_basic, grunt_temple_overflow_growth_and_decay,
          lemuel_crystal_altar
D:4:      black_bear_nest_1, layout_layer_cave, overflow_temple_1_default,
          minitemple, kennysheep_generic_room_14
D:5:      layout_cave_pods, minmay_temple_entry_gardened_gates,
          nicolae_ru_great_annihilating_truth
D:6:      layout_basic, serial_shops, shop, st_stairs_7,
          minmay_misc_feat_pillars
D:7:      layout_loops_ring, lemuel_blue_sif_altar
D:8:      layout_loops_cross
D:9:      wad_arrow_thing, layout_basic, enter_bailey_5,
          hangedman_decor_slide_cut, okawaru_humans, uniq_grum, uniq_pikel
Temple:   minmay_freezing_vapour_temple

Skill      XL: |  1  2  3  4  5  6  7  8  9 |
---------------+----------------------------+-----
Spellcasting   | 2 3 4 5 |  5.1
Dodging        | 2 3 4 |  4.0
Transmutations | 1 2 |  2.0
Unarmed Combat | 1 2 3 |  3.6
Stealth        | 3 |  3.0
Earth Magic    | 4 5 6 7 |  7.0
Conjurations   | 1 2 3 |  3.0
Maces & Flails | 1 4 6 |  6.2

Action                   |  1- 3 |  4- 6 |  7- 9 || total
-------------------------+-------+-------+-------++-------
Melee: Unarmed           |    53 |    20 |       ||    73
       Quarterstaff      |       |    72 |    33 ||   105
       Maul              |       |       |    51 ||    51
       Whip              |       |       |    56 ||    56
 Cast: Sandblast         |    38 |   101 |    78 ||   217
       Stone Arrow       |       |       |    25 ||    25
Evoke: Wand              |       |       |     3 ||     3
  Use: Potion            |       |     1 |       ||     1
       Scroll            |       |       |    21 ||    21
 Stab: Sleeping          |       |     4 |     4 ||     8
       Paralysed         |       |       |     6 ||     6
Armor: Robe              |    23 |    27 |    46 ||    96
Dodge: Dodged            |    62 |   119 |   192 ||   373
